% Time on Ice - ANCHORAGE ACES
Lines # - Real PCT - Wanted PCT - Time Play
Normal Forward
1 - 34% - 36% - 16:10
2 - 33% - 34% - 15:36
3 - 23% - 25% - 11:03
4 - 10% - 5% - 4:47
Normal Defense
1 - 31% - 33% - 14:33
2 - 30% - 33% - 14:27
3 - 31% - 33% - 14:41
4 - 8% - 1% - 3:55
PP Forward
1 - 45% - 55% - 2:39
2 - 55% - 45% - 3:18
PP Defense
1 - 43% - 55% - 2:35
2 - 57% - 45% - 3:22
PK Forward
1 - 58% - 55% - 3:26
2 - 42% - 45% - 2:31
PK Defense
1 - 59% - 55% - 3:29
2 - 41% - 45% - 2:28
PK3 Forward
1 - 0% - 55%
2 - 0% - 45%
PK3 Defense
1 - 0% - 55%
2 - 0% - 45%
44 Forward
1 - 0% - 55%
2 - 0% - 45%
44 Defense
1 - 0% - 55%
2 - 0% - 45%
Last Minute Offensive  - 0:30
Last Minute Defensive  - 0:00
Total
Forward - 60:00
Defense - 60:00
% Time on Ice - COLORADO GLACIERCATS
Lines # - Real PCT - Wanted PCT - Time Play
Normal Forward
1 - 34% - 35% - 16:05
2 - 34% - 35% - 16:25
3 - 24% - 25% - 11:19
4 - 8% - 5% - 3:47
Normal Defense
1 - 38% - 40% - 18:15
2 - 38% - 38% - 18:03
3 - 24% - 22% - 11:18
4 - 0% - 0% - 0:00
PP Forward
1 - 55% - 50% - 3:18
2 - 45% - 50% - 2:39
PP Defense
1 - 55% - 55% - 3:18
2 - 45% - 45% - 2:39
PK Forward
1 - 50% - 50% - 2:58
2 - 50% - 50% - 2:59
PK Defense
1 - 45% - 50% - 2:42
2 - 55% - 50% - 3:15
PK3 Forward
1 - 0% - 55%
2 - 0% - 45%
PK3 Defense
1 - 0% - 50%
2 - 0% - 50%
44 Forward
1 - 0% - 50%
2 - 0% - 50%
44 Defense
1 - 0% - 50%
2 - 0% - 50%
Last Minute Offensive  - 0:00
Last Minute Defensive  - 0:30
Total
Forward - 60:00
Defense - 60:00
Play-by-Play 1st period 0:01 of 1st period - Patrice Bergeron wins face-off versus Nathan MacKinnon in neutral zone. 0:24 of 1st period - Icing by Connor McDavid. 0:25 of 1st period - Jordan Staal wins face-off versus Joonas Donskoi in ANCHORAGE ACES zone. 0:32 of 1st period - Shot by Jordan Staal. 0:32 of 1st period - Stopped by Martin Jones with a rebound. 1:28 of 1st period - Deryk Engelland is hit by Jordan Staal and loses puck. 4:00 of 1st period - Shot by Brayden Schenn. 4:00 of 1st period - Shot Hit the Post. 4:02 of 1st period - Shot by Shea Weber. 4:02 of 1st period - Stopped by Martin Jones with a rebound. 4:04 of 1st period - Shot by Joe Pavelski. 4:04 of 1st period - Goal by Joe Pavelski - ANCHORAGE ACES : 0 - COLORADO GLACIERCATS : 1. 4:05 of 1st period - Jay Beagle wins face-off versus Leon Draisaitl in neutral zone. 4:15 of 1st period - Off-side. 4:16 of 1st period - Leon Draisaitl wins face-off versus Jordan Staal in neutral zone. 6:58 of 1st period - John Klingberg is hit by Deryk Engelland and loses puck. 7:03 of 1st period - Shot by Jay Beagle. 7:03 of 1st period - Stopped by Martin Jones without a rebound. 7:04 of 1st period - Jordan Staal wins face-off versus Nathan MacKinnon in ANCHORAGE ACES zone. 7:06 of 1st period - Joe Pavelski is hit by Ben Chiarot and loses puck. 7:10 of 1st period - Icing by Ben Chiarot. 7:11 of 1st period - Nathan MacKinnon wins face-off versus Patrice Bergeron in ANCHORAGE ACES zone. 7:51 of 1st period - Shot by Connor McDavid. 7:51 of 1st period - Stopped by Pekka Rinne with a rebound. 8:29 of 1st period - Icing by Jacob Trouba. 8:30 of 1st period - Tyler Bozak wins face-off versus Jay Beagle in ANCHORAGE ACES zone. 9:00 of 1st period - Jacob Trouba is hit by Zach Aston-Reese and loses puck. 10:35 of 1st period - Shot by Mark Giordano. 10:35 of 1st period - Stopped by Martin Jones without a rebound. 10:36 of 1st period - Nate Thompson wins face-off versus Mikael Granlund in ANCHORAGE ACES zone. 10:36 of 1st period - Nate Thompson is hit by Artemi Panarin. 10:46 of 1st period - Shot by Artemi Panarin. 10:46 of 1st period - Stopped by Martin Jones with a rebound. 10:48 of 1st period - Shot by Patrice Bergeron. 10:48 of 1st period - Deflect By Artemi Panarin. 10:48 of 1st period - Stopped by Martin Jones with a rebound. 10:56 of 1st period - Shot by Patrice Bergeron. 10:56 of 1st period - Shot Misses the Net. 11:04 of 1st period - Shot by Mikael Granlund. 11:04 of 1st period - Stopped by Martin Jones without a rebound. 11:05 of 1st period - Leon Draisaitl wins face-off versus Lucas Wallmark in ANCHORAGE ACES zone. 11:05 of 1st period - Leon Draisaitl is hit by Paul Byron. 11:08 of 1st period - Jakob Silfverberg is hit by Carl Hagelin. 11:22 of 1st period - Shot by Jakob Silfverberg. 11:22 of 1st period - Shot Blocked by Carl Hagelin. 12:35 of 1st period - Icing by Joe Pavelski. 12:36 of 1st period - Jordan Staal wins face-off versus Tyler Bozak in COLORADO GLACIERCATS zone. 12:45 of 1st period - Shot by Tyler Bozak. 12:45 of 1st period - Stopped by Pekka Rinne without a rebound. 12:46 of 1st period - Tyler Bozak wins face-off versus Patrice Bergeron in COLORADO GLACIERCATS zone. 13:07 of 1st period - Shot by Tyler Bozak. 13:07 of 1st period - Stopped by Pekka Rinne without a rebound. 13:08 of 1st period - Leon Draisaitl wins face-off versus Lucas Wallmark in COLORADO GLACIERCATS zone. 13:09 of 1st period - Shot by Jakob Silfverberg. 13:09 of 1st period - Shot Misses the Net. 13:23 of 1st period - Shot by Jakob Silfverberg. 13:23 of 1st period - Stopped by Pekka Rinne without a rebound. 13:24 of 1st period - Patrice Bergeron wins face-off versus Nathan MacKinnon in COLORADO GLACIERCATS zone. 13:24 of 1st period - Patrice Bergeron is hit by Joonas Donskoi. 14:31 of 1st period - Icing by Joe Pavelski. 14:32 of 1st period - Jordan Staal wins face-off versus Leon Draisaitl in COLORADO GLACIERCATS zone. 15:20 of 1st period - Shot by Joe Pavelski. 15:20 of 1st period - Deflect By Brayden Schenn. 15:20 of 1st period - Stopped by Martin Jones without a rebound. 15:21 of 1st period - Tyler Bozak wins face-off versus Carl Hagelin in ANCHORAGE ACES zone. 15:26 of 1st period - Shot by Ryan Suter. 15:26 of 1st period - Stopped by Pekka Rinne with a rebound. 15:29 of 1st period - Minor Penalty to Daniel Girardi for Slashing. 15:30 of 1st period - Connor McDavid wins face-off versus Patrice Bergeron in COLORADO GLACIERCATS zone. 15:58 of 1st period - Shot by Jacob Trouba. 15:58 of 1st period - Shot Misses the Net. 16:00 of 1st period - Shot by Leon Draisaitl. 16:00 of 1st period - Stopped by Pekka Rinne with a rebound.